 Dungeon Crawl Stone Soup version 0.25.1-1-g288607f (webtiles) character file.

Game seed: 6362835246096105940

72 Elsworth the Skirmisher (level 4, -10/40 HPs)
             Began as a Draconian Berserker on Nov 18, 2020.
             Was a Follower of Trog.
             Mangled by a gnoll
             ... wielding a +0 halberd
              (12 damage)
             ... on level 2 of the Dungeon.
             The game lasted 00:26:42 (1472 turns).

Elsworth the Skirmisher (Draconian Berserker)       Turns: 1472, Time: 00:26:43

Health: -10/40     AC:  5    Str: 21    XL:     4   Next: 6%
Magic:  4/4        EV: 13    Int:  7    God:    Trog [*.....]
Gold:   72         SH:  0    Dex: 10    Spells: 3/3 levels left

rFire    . . .     SeeInvis .   p - +0 rapier (drain)
rCold    . . .     Gourm    .   (no shield)
rNeg     . . .     Faith    .   (armour unavailable)
rPois    .         Spirit   .   (helmet restricted)
rElec    .         Reflect  .   (no cloak)
rCorr    .         Harm     .   (no gloves)
MR       .....                  (no boots)
Stlth    +.........             (no amulet)
HPRegen  0.13/turn              (no ring)
MPRegen  0.09/turn              (no ring)

@: no status effects
A: unfitting armour, cold-blooded, AC +5
a: Berserk, Renounce Religion


You were on level 2 of the Dungeon.
You worshipped Trog.
Trog was aware of your devotion.
You were not hungry.

You visited 1 branch of the dungeon, and saw 2 of its levels.

You collected 72 gold pieces.

Inventory:

Hand Weapons
 a - a +0 falchion
 e - a +0 dagger
 h - a +0 rapier
 k - a +0 whip
 l - a +0 club
 n - a +0 dagger
 p - a +0 rapier of draining (weapon)
Missiles
 c - 13 poisoned darts (quivered)
 i - a throwing net
 o - 16 stones
Armour
 d - a +0 naga barding
 f - a +0 scale mail
 j - a +0 chain mail
Comestibles
 b - 4 rations


   Skills:
 + Level 3.9 Fighting
 + Level 0.9(2.4) Short Blades
 + Level 3.7(3.8) Long Blades
 + Level 3.2 Dodging
 + Level 0.7 Stealth


You had 3 spell levels left.
You didn't know any spells.
Your spell library was empty.

Dungeon Overview and Level Annotations

Branches:
Dungeon (2/15)

Altars:
Qazlal


Innate Abilities, Weirdness & Mutations

Your plain brown scales are hard. (AC +5)
You cannot fit into any form of body armour.
You are cold-blooded and may be slowed by cold attacks.


Message History

You puncture the adder!
You kill the adder!
Trog accepts your kill.
You hit Jessica but do no damage. You drain Jessica.
Jessica is heavily wounded.
The gnoll hits you from afar with a +0 halberd.
* * * LOW HITPOINT WARNING * * *
Jessica hits you with a +0 club.
* * * LOW HITPOINT WARNING * * *
You puncture Jessica!
You kill Jessica!
Trog accepts your kill.
Trog appreciates your killing of a magic user.
You have reached level 4!
You feel stronger. The gnoll barely misses you.
The gnoll hits you from afar with a +0 halberd.
* * * LOW HITPOINT WARNING * * *
The gnoll hits you from afar with a +0 halberd!
You die...

* *,,,,,,,,* #####.......#
*******,*****#.# #.†.'........
+,,,,,*,****##.### #.###.......#
*****,#>,,,,.....####.# #.......'
* **,#.#,,,,......##.# #.......#
* *,,,...,,,..#...##.# #.......#
* *,*###.##*#.#...##.# ##.......
* **,*#.....##.#...##.###########
***,,*.......#.#@..##............
,,,,,*.......#g).#.##############
,,,,,,..._....g###..# #
,,,,,*.......#g.....#############
,,,,,*.......#...................
,,,,,*#.....##.......#####.######
,,,,,*###.##*#.####..#* #.##....
,,,,,,,...,,...# #...* #.##....
,,,,,,g..########*#.#.## #.##....


You could see 3 gnolls.

Vanquished Creatures
  Jessica (D:2)
  2 adders (D:2)
  A worm (D:2)
  2 dart slugs
  2 leopard geckos
  4 jackals (D:1)
  2 kobolds (D:2)
  4 bats
  4 goblins
  A rat (D:2)
23 creatures vanquished.

Notes
Turn   | Place    | Note
-------+----------+-------------------------------------------
     0 | D:1      | Elsworth the Draconian Berserker began the quest for the
                  | Orb.
     0 | D:1      | Reached XP level 1. HP: 19/19 MP: 1/1
   701 | D:1      | Reached XP level 2. HP: 26/26 MP: 2/2
  1120 | D:2      | Reached XP level 3. HP: 33/33 MP: 3/3
  1451 | D:2      | Found a stormy altar of Qazlal.
  1466 | D:2      | Noticed Jessica
  1471 | D:2      | Killed Jessica
  1471 | D:2      | Reached XP level 4. HP: 4/40 MP: 4/4
  1472 | D:2      | HP: 2/40 [gnoll/+0 halberd (2)]
  1472 | D:2      | Mangled by a gnoll

Illustrated notes

Levels and vault maps discovered:
D:1:      lightli_arrival_statuegarden, layout_basic
D:2:      layout_basic, old_standard_altar, uniq_jessica

Skill      XL: |  1  2 |
---------------+-------+-----
Dodging        | 3 |  3.2
Fighting       | |  3.9
Short Blades   | |  0.9
Long Blades    | |  3.7
Stealth        | |  0.7

Action                   |  1- 3 |  4- 6 || total
-------------------------+-------+-------++-------
Melee: Falchion          |    36 |       ||    36
       Tailslap          |     9 |       ||     9
       Rapier            |    20 |       ||    20
Throw: Dart              |     1 |       ||     1
  Use: Scroll            |     6 |       ||     6
       Potion            |     1 |       ||     1
 Stab: Sleeping          |     2 |       ||     2
  Eat: Chunk             |     1 |       ||     1
       Ration            |     1 |       ||     1
Armor: Skin              |    25 |       ||    25
Dodge: Dodged            |    42 |     1 ||    43
       Rpst.: Falchion   |    10 |       ||    10
